[Event "FIDE Womens Grand Prix-I 2022-23"]
[Site "Nur-Sultan"]
[Date "2022.09.23"]
[Round "6.1"]
[White "Shuvalova, Polina"]
[Black "Abdumalik, Zhansaya"]
[Result "0-1"]
[ECO "B30"]
[WhiteElo "2510"]
[BlackElo "2503"]
[Annotator "TA"]
[PlyCount "112"]
[EventDate "2022.09.15"]
[EventType "tourn"]
[EventCountry "KAZ"]
[SourceTitle "playchess.com"]
[Source "ChessBase"]
[SourceQuality "1"]
[TimeControl "40/5400+30:1800+30"]

1. e4 c5 2. Nf3 Nc6 3. Bb5 e5 4. O-O Bd6 5. c3 a6 6. Ba4 {[%emt 0:01:03] B30: Sicilian: 2...Nc6 3 Bb5, lines without ...g6.} b5 7. Bc2 Nge7 8. h3 {[%emt 0:13:56] [#] White has an edge.} Bb7 $146 ({Predecessor:} 8... O-O 9. d4 cxd4 10. cxd4 Nxd4 11. Nxd4 exd4 12. Qxd4 Qc7 13. Bb3 Bb7 {½-½ (13) Tiglon,B (2384)-Ghazarian,K (2381) San Jose 2022}) 9. d4 cxd4 (9... exd4 {seems wilder.} 10. cxd4 Nxd4 11. Nxd4 cxd4 12. Qxd4 Qc7) 10. cxd4 Nxd4 11. Nxd4 exd4 12. Qxd4 Qc7 13. Bb3 Bh2+ 14. Kh1 Be5 15. Qd3 O-O 16. f4 Bf6 17. e5 (17. Kh2 $5 ) 17... Qc6 18. Rg1 Bh4 19. Be3 {[%emt 0:02:37] Prevents Bf2.} Rac8 (19... d6 $15 {was preferrable.}) 20. Nd2 Qg6 21. Qxd7 Bc6 22. Qg4 Nf5 23. Nf3 Bg3 (23... Qxg4 $14 24. hxg4 Nxe3 25. Nxh4 Bd7) 24. Bd2 $1 $16 {[%emt 0:05:01][%cal Oe5e6] aiming for e6!} Rcd8 {[%emt 0:10:39] Strongly threatening ...Bxf3.} 25. Bb4 (25. Ba5 $1 $16 Rd3 26. e6 Rxf3 27. exf7+ (27. gxf3 Qxg4 28. exf7+ Rxf7 $14) 27... Rxf7 28. Qxg6 (28. gxf3 Qxg4 29. hxg4 Bxf3+ 30. Rg2 Ne3 $14) (28. Bxf7+ $2 Qxf7 29. gxf3 h5 $19) 28... hxg6 29. Bxf7+ (29. gxf3 Bxf3+ 30. Rg2 Nh4 $11) 29... Kxf7 30. Rgc1 (30. gxf3 Bxf3+ 31. Rg2 Nh4 $17)) 25... Rfe8 $14 26. Ng5 $2 (26. Rad1 $16 {and life is bright.} Qxg4 27. hxg4) 26... h5 $1 $19 27. Bxf7+ {[%emt 0:04:14] [#]} Qxf7 $1 28. Nxf7 hxg4 {[%emt 0:00:15] Really sharp!} 29. Nxd8 Rxd8 30. hxg4 {[%emt 0:06:58] [#]} Nd4 (30... Ne3 $1 $19 {Hoping for ...Kf7.} 31. Rac1 Bd5) 31. Rgd1 $1 $11 Kf7 $40 {[%emt 0:00:44][%mdl 128] Black is up to no good.} 32. e6+ (32. Rd2 $5 ) 32... Kxe6 33. f5+ Kf7 {[%emt 0:02:01][%mdl 1024] Black has compensation.} 34. Kg1 {[%emt 0:00:13] Against Bf2+} Be5 (34... g6 $15) 35. Kf2 g6 36. Bc3 (36. Ba5 $11 {keeps the balance.} Rg8 37. Bc3) 36... gxf5 $17 37. gxf5 b4 38. Bxb4 (38. Rac1 $1 $15) 38... Rg8 $19 39. Bc3 {[%emt 0:03:19] [#]} Bg3+ $1 {[%emt 0:02:18] A strong pair of Bishops.} 40. Kg1 (40. Ke3 $142 Nc2+ 41. Kd3 Nxa1 42. Rxa1) 40... Ne2+ 41. Kf1 Nxc3 (41... Bb5 $19 42. a4 Nxc3+ 43. axb5 Nxd1 44. Rxd1 axb5) 42. bxc3 $15 Rg5 43. Ke2 Be5 44. a4 Rxg2+ 45. Kd3 $1 Rg4 {[%emt 0:05:09] Black has more active pieces.} 46. Re1 Kf6 47. Rg1 Bg2 48. Rge1 Kxf5 {[%emt 0:00:41] And now ...Rg3+ would win.} (48... Bd5 {is more complex.} 49. Rad1 Bb3 50. Rd2 a5) 49. Re3 Bf6 50. Re2 $2 (50. Kc2 $17) 50... Be4+ $19 51. Ke3 $2 (51. Rxe4 Rxe4 52. a5) 51... Rg3+ 52. Kf2 Bh4 53. Rea2 Rh3+ (53... Bd5 $142 54. Rb2 Rg2+ 55. Ke3 Rxb2) 54. Kf1 Kf4 {[%emt 0:01:10] ( -> ...Kf3)} 55. c4 (55. Ke2 $19) 55... Bf6 56. Rf2+ Bf3 {[%emt 0:00:06] Weighted Error Value: White=0.54/Black=0.26 (precise)} 0-1

[Event "FIDE Womens Grand Prix-I 2022-23"]
[Site "Nur-Sultan"]
[Date "2022.09.23"]
[Round "6.2"]
[White "Kosteniuk, Alexandra"]
[Black "Zhu, Jiner"]
[Result "1/2-1/2"]
[ECO "B92"]
[WhiteElo "2521"]
[BlackElo "2464"]
[Annotator "TA"]
[PlyCount "96"]
[EventDate "2022.09.15"]
[EventType "tourn"]
[EventCountry "KAZ"]
[SourceTitle "playchess.com"]
[Source "ChessBase"]
[SourceQuality "1"]
[TimeControl "40/5400+30:1800+30"]

1. e4 c5 2. Nf3 d6 3. d4 cxd4 4. Nxd4 Nf6 5. Nc3 a6 6. Be2 e5 7. Nb3 Be7 8. Be3 Be6 9. O-O O-O 10. Bf3 Nbd7 11. a4 Qc7 {[%emt 0:01:16] B92: Sicilian Najdorf: 6 Be2.} 12. a5 Rfc8 13. Re1 h6 14. h3 Rab8 {[%emt 0:02:23] seems to push 14...Qc6 aside.} 15. Nd2 Ra8 {[%emt 0:15:14] [#]} 16. Nf1 $146 ({Predecessor:} 16. Qe2 Nc5 17. Rec1 Qc6 18. Rd1 Rd8 19. Nc4 Ncxe4 20. Nxe4 Bxc4 21. Nxf6+ Bxf6 22. Bxc6 Bxe2 23. Bxb7 {½-½ (60) Korchmar,V (2234)-David,A (2059) Prague 2012}) 16... b5 17. axb6 Nxb6 18. Ng3 Qb7 19. Bc1 Bf8 20. Re3 a5 21. Na4 (21. Nh5 $11 Nxh5 22. Bxh5) 21... Nxa4 $1 $15 22. Rxa4 Qc6 23. c3 Nd7 (23... Rcb8 $5 24. Ra1 a4 $15) 24. Bg4 Bxg4 25. hxg4 Rd8 26. Ra2 Nf6 27. b3 d5 28. Rd3 {[%emt 0:01:01] The position is equal.} Rd7 29. exd5 Rxd5 30. g5 Rad8 31. Rad2 hxg5 32. Rxd5 Rxd5 33. c4 Rxd2 34. Bxd2 Bc5 35. Bxg5 Qb6 {[%emt 0:00:32] Inhibits Qd8+.} 36. Bxf6 Bxf2+ ({Don't play} 36... gxf6 37. Qg4+ Kf8 38. Qc8+ Kg7 39. Kh2 $16) 37. Kf1 Bxg3 {[%emt 0:04:10][%csl Gg3][%cal Rb6f2] [#]} (37... Qxf6 $2 38. Ne4 Qc6 39. Nxf2 $18) (37... gxf6 $2 38. Qg4+ Kf8 39. Qc8+ Kg7 40. Nf5+ Kh7 41. Qf8 $18) 38. Qd8+ Qxd8 39. Bxd8 $11 {[%emt 0:00:02][%mdl 4096] Endgame KB-KB} Kf8 40. Bxa5 Ke7 41. b4 Kd6 42. Bb6 e4 43. b5 f5 44. Ba7 {[%emt 0:02:36] [#] Black must now prevent Bb8+.} f4 45. c5+ Kd5 46. c6 {[%emt 0:00:28] c7 is the strong threat.} f3 47. Bb6 Kc4 48. Bf2 Kxb5 {[%emt 0:00:13] Weighted Error Value: White=0.06 (flawless) /Black=0.03 (flawless)} 1/2-1/2

[Event "FIDE Womens Grand Prix-I 2022-23"]
[Site "Nur-Sultan"]
[Date "2022.09.23"]
[Round "6.3"]
[White "Vaishali, Rameshbabu"]
[Black "Paehtz, Elisabeth"]
[Result "1-0"]
[ECO "B45"]
[WhiteElo "2449"]
[BlackElo "2477"]
[Annotator "TA"]
[PlyCount "121"]
[EventDate "2022.09.15"]
[EventType "tourn"]
[EventCountry "KAZ"]
[SourceTitle "playchess.com"]
[Source "ChessBase"]
[SourceQuality "1"]
[TimeControl "40/5400+30:1800+30"]

1. e4 c5 2. Nf3 e6 3. d4 cxd4 4. Nxd4 Nf6 5. Nc3 Nc6 6. Nxc6 bxc6 7. e5 Nd5 8. Ne4 Qc7 9. f4 Qb6 10. c4 Bb4+ 11. Ke2 f5 12. exf6 Nxf6 {[%emt 0:00:04] B45: Sicilian Four Knights.} 13. Be3 Qd8 14. Nd6+ Bxd6 {[%emt 0:00:04] White is slightly better.} 15. Qxd6 Bb7 16. Rd1 Rc8 17. g4 {[%emt 0:15:31] And now g5 would win.} c5 18. Rg1 Rf8 19. Bg2 ({Much worse is} 19. Bxc5 Rf7 20. Bxa7 Rxc4 $17) 19... Bxg2 20. Rxg2 {[%emt 0:00:03] [#] The board is on fire.} Qc7 $146 ({Predecessor:} 20... Rf7 21. Kf1 Qb6 22. Kg1 Rc6 23. Qd3 d5 24. g5 dxc4 25. Qe2 Ng8 26. Qxc4 Ne7 {½-½ (58) Najer,E (2654)-Caruana,F (2800) Riga 2021}) 21. Qxc7 Rxc7 22. Kf3 Ke7 23. Re2 h5 24. h3 Rh8 25. Bf2 (25. f5 $16) 25... hxg4+ $14 26. hxg4 g6 27. Re5 Rh2 ({Much less strong is} 27... d6 28. Re2 $16) 28. Rd2 Kf7 29. Kg3 Rh1 30. g5 ({Reject} 30. Rxc5 Ne4+ 31. Kg2 Nxc5 $11) 30... Nh5+ 31. Kg2 Rc1 32. Rxc5 Rxc5 33. Bxc5 Rxc4 {[%emt 0:00:27][%mdl 4096] Endgame KRB-KRN} 34. Bd6 a6 35. Kf3 Ng7 36. Be5 d5 37. b3 Rc6 (37... Rc1 $14) 38. Bxg7 {[%emt 0:01:47] White has more active pieces.} (38. Rh2 $16 {Rh7 is the strong threat.} Nh5 39. b4) 38... Kxg7 $16 {[%emt 0:00:05] KR-KR} 39. Ke3 Kf7 40. Rh2 Ke7 {[%emt 0:01:07] White leaves nothing to chance now.} (40... e5 $11) 41. Kd4 Rc1 42. Rh7+ $1 Kd6 43. Ra7 $1 Rc6 (43... Rd1+ $16 {is a better defense.} 44. Kc3 a5) 44. Rg7 $18 Rc1 45. Rxg6 {[%emt 0:00:29] Black must now prevent f5.} Rf1 46. Rf6 {[%emt 0:01:43] Strongly threatening f5.} Ke7 $2 (46... Rd1+ {is a better chance.} 47. Ke3 Ke7) 47. f5 $1 Rd1+ 48. Kc5 exf5 49. Rxf5 Ke6 50. Rf6+ Ke5 51. Rxa6 Rc1+ 52. Kb4 {[%emt 0:00:32] Threatens to win with g6.} d4 {[%emt 0:02:12] [#]} 53. g6 $1 Rc7 54. Ra8 Ke4 $2 (54... Rb7+ 55. Kc4 Rc7+ 56. Kd3 Rc3+ 57. Ke2 Rg3) 55. Rg8 d3 56. g7 Re7 57. Kc3 Ke3 {[%emt 0:04:54] [#]} 58. Rc8 $1 d2 59. g8=Q {[%emt 0:00:06] White mates.} d1=Q 60. Qg5+ Kf2 61. Rf8+ {[%emt 0:00:05] Weighted Error Value: White=0.10 (very precise) /Black=0.43} 1-0

[Event "FIDE Womens Grand Prix-I 2022-23"]
[Site "Nur-Sultan"]
[Date "2022.09.23"]
[Round "6.4"]
[White "Goryachkina, Aleksandra"]
[Black "Wagner, Dinara"]
[Result "1/2-1/2"]
[ECO "E36"]
[WhiteElo "2579"]
[BlackElo "2358"]
[Annotator "TA"]
[PlyCount "109"]
[EventDate "2022.09.15"]
[EventType "tourn"]
[EventCountry "KAZ"]
[SourceTitle "playchess.com"]
[Source "ChessBase"]
[SourceQuality "1"]
[TimeControl "40/5400+30:1800+30"]

1. d4 {[%emt 0:00:13] Krasenkow,Michal} Nf6 2. c4 e6 3. Nc3 Bb4 4. Qc2 d5 5. a3 Bxc3+ 6. Qxc3 O-O 7. Bg5 h6 {[%emt 0:00:40] E36: Nimzo-Indian: Classical: 4...d5 5 a3.} 8. Bxf6 Qxf6 9. Nf3 dxc4 $1 {[%emt 0:01:03] 9...dxc4 scores better than 9...c6.} 10. Qxc4 Nc6 11. Qc3 Re8 12. Ne5 {[%emt 0:04:29] [#]} Nxe5 $146 ({Predecessor:} 12... Rb8 13. g3 Rd8 14. e3 Nxe5 15. dxe5 Qf3 16. Rg1 Qc6 17. Qxc6 bxc6 18. Rb1 c5 {0-1 (110) Topalov,V (2740)-Ding,L (2812) Shamkir 2019 CBM 190 [Krasenkow,Michal]}) 13. dxe5 Qe7 14. g3 c5 15. Bg2 Rb8 $1 16. O-O b6 17. Rfd1 Ba6 18. Bf3 Red8 {[%emt 0:01:09] Prevents Rd6.} 19. Qc2 Bb7 20. Bxb7 Rxb7 ({Don't do} 20... Qxb7 21. Rd6 $14) 21. b4 cxb4 22. axb4 Rbd7 23. Rxd7 Qxd7 $11 {[%emt 0:09:55][%mdl 4096] Endgame KQR-KQR} 24. Qe4 Qd4 25. Qxd4 Rxd4 26. Rxa7 Rxb4 {[%emt 0:00:04] KR-KR} 27. Kf1 Rb1+ 28. Kg2 h5 29. Rb7 b5 30. h4 b4 31. Kf3 b3 32. Kf4 g6 33. Ke3 b2 34. Kf3 Kg7 35. e3 Kf8 {[%emt 0:06:25] [#]} (35... Kh6 $11 {keeps the balance.}) 36. Kf4 $1 $16 Kg8 37. Kg5 Kg7 38. Rb8 {[%emt 0:02:48] White is more active.} Rc1 39. Rxb2 Rc4 {[%emt 0:00:31][%csl Gh5][%cal Rc4g4] [#]} 40. f3 {[%emt 0:00:58] Against Rg4+} Rc5 41. Kf4 Rc4+ 42. e4 Rc5 43. Rg2 Kh6 44. g4 (44. Ra2 $16) 44... hxg4 $11 45. fxg4 Ra5 {[%emt 0:00:00] The position is equal.} 46. Rf2 Kg7 47. h5 gxh5 48. gxh5 Kh6 49. Ke3 Rxe5 {[%emt 0:00:00] Hoping for ...f5.} 50. Rxf7 Rxh5 51. Rf6+ Kg7 52. Rxe6 Kf7 53. Ra6 Ke7 54. Kd4 Rg5 55. Ra7+ {[%emt 0:00:00] Weighted Error Value: White=0.03 (flawless) /Black=0.05 (flawless)} 1/2-1/2

[Event "FIDE Womens Grand Prix-I 2022-23"]
[Site "Nur-Sultan"]
[Date "2022.09.23"]
[Round "6.5"]
[White "Lagno, Kateryna"]
[Black "Tan, Zhongyi"]
[Result "1-0"]
[ECO "B84"]
[WhiteElo "2547"]
[BlackElo "2525"]
[Annotator "TA"]
[PlyCount "77"]
[EventDate "2022.09.15"]
[EventType "tourn"]
[EventCountry "KAZ"]
[SourceTitle "playchess.com"]
[Source "ChessBase"]
[SourceQuality "1"]
[TimeControl "40/5400+30:1800+30"]

1. e4 c5 2. Nf3 d6 3. d4 cxd4 4. Nxd4 Nf6 5. Nc3 a6 6. Be2 e6 7. Be3 $1 {[%emt 0:01:35][%mdl 4] is currently scoring better than 7.0-0.} Be7 8. g4 d5 {[%emt 0:00:36] B84: Sicilian Scheveningen: 6 Be2 a6, lines without early Be3.} 9. e5 (9. exd5 $14 {is superior.} Nxd5 10. Nxd5 exd5 11. Qd2) 9... Nfd7 $11 10. f4 Nc6 {[%emt 0:02:55] Black has an edge.} 11. Qd2 Bh4+ $1 12. Kf1 (12. Kd1 $5 ) 12... Be7 {[%emt 0:00:17] [#]} (12... g5 $15) 13. Kg2 $146 (13. h4 $5) ({Predecessor:} 13. g5 Nxd4 14. Bxd4 h6 15. g6 fxg6 16. Bd3 O-O 17. Bxg6 Bg5 18. Ne2 Bxf4 19. Nxf4 Qg5 20. Be3 Qxg6 21. Ke1 Qe4 22. Rf1 Nxe5 23. b3 Nf3+ {0-1 (23) Ramdath,S (1808)-Soondarsingh,D (1943) Port of Spain 2016}) 13... Qc7 (13... g5 $5) 14. Bf3 Nxd4 (14... g5 $5) 15. Bxd4 b5 16. Ne2 Bb7 17. c3 O-O 18. Qe3 Rfe8 19. g5 a5 20. h4 b4 21. Rac1 Qc4 (21... Qd8 $14) 22. cxb4 $16 Qxb4 23. Rc7 Nf8 24. a3 Qb5 {[%emt 0:00:09] [#]} 25. Nc3 $1 Qb3 26. Bd1 {[%emt 0:03:00] Active counter play!} Qxb2+ 27. Ne2 Qb5 {[%emt 0:00:51] Against Ba4} 28. Nc3 $36 {[%emt 0:00:04][%mdl 2048] Black is under pressure.} Qb2+ {[%emt 0:00:04] [#]} 29. Kg3 (29. Be2 $1 $16 {Strongly threatening Nb5.} Rac8 30. Rb1 (30. Nb5 Rxc7 31. Nxc7 Rc8 $11) 30... Qxe2+ 31. Qxe2 (31. Nxe2 Rxc7 32. Ng3 Bc8 $11) 31... Rxc7 32. Nb5) 29... Bd8 $14 (29... Bxa3 $2 30. Rh2 Qc1 31. Rxb7 $18) 30. Rc5 ({Much weaker is} 30. Rh2 Qxh2+ 31. Kxh2 Bxc7 $11) 30... Qxa3 {[%emt 0:01:46] ...Bb6 is the strong threat.} 31. Ba4 Bb6 $2 {[%emt 0:00:37][%mdl 8192] This costs Black the game.} (31... Ng6 $1 $14) 32. Rb1 $18 ({Weaker is} 32. Bxe8 Rxe8 33. Rb1 Nd7 $16) 32... Bxc5 33. Bxc5 {[%emt 0:00:04][%mdl 64] Trapped Piece} d4 34. Bxa3 {[%emt 0:00:20] Dancing on a razor blade. This bishop pair is nice.} dxe3 35. Bxe8 ({Not} 35. Rxb7 Rec8 36. Ne2 Rc4 $16) 35... Rxe8 (35... Ba6 36. Bb5 Bxb5 37. Rxb5 h6 38. gxh6 gxh6) 36. Rxb7 {[%emt 0:00:03] White is clearly winning.} Rc8 37. Ne2 h6 38. gxh6 gxh6 39. h5 {[%emt 0:00:28] Weighted Error Value: White=0.14 (very precise) /Black=0.32} 1-0

[Event "FIDE Womens Grand Prix-I 2022-23"]
[Site "Nur-Sultan"]
[Date "2022.09.23"]
[Round "6.6"]
[White "Kashlinskaya, Alina"]
[Black "Assaubayeva, Bibisara"]
[Result "1-0"]
[ECO "B91"]
[WhiteElo "2491"]
[BlackElo "2443"]
[Annotator "TA"]
[PlyCount "137"]
[EventDate "2022.09.15"]
[EventType "tourn"]
[EventCountry "KAZ"]
[SourceTitle "playchess.com"]
[Source "ChessBase"]
[SourceQuality "1"]
[TimeControl "40/5400+30:1800+30"]

1. e4 c5 2. Nc3 a6 3. Nge2 d6 4. g3 g6 5. Bg2 Bg7 6. d4 cxd4 7. Nxd4 Nf6 8. O-O O-O 9. h3 Nc6 10. Be3 {[%emt 0:00:54] B91: Sicilian Najdorf: 6 g3.} Rb8 11. Re1 {[%emt 0:08:59] [#]} e5 $146 ({Predecessor:} 11... Bd7 12. Nd5 Re8 13. Rc1 Nxd5 14. exd5 Nxd4 15. Bxd4 Bh6 16. f4 Qa5 17. a3 b5 {½-½ (57) Sargsyan,S (2601)-Zwirs,N (2422) Groningen 2019}) 12. Nb3 {[%emt 0:06:22] The position is equal.} Be6 13. Qd2 Qc7 14. Rad1 Rfd8 15. Bg5 Ne7 16. Re3 Ne8 17. Bxe7 Qxe7 18. Nd5 Qf8 19. Rd3 f5 20. Na5 Qf7 21. Kh2 (21. exf5 $14 gxf5 22. Rb3) 21... Rbc8 {[%emt 0:03:24] [#]} (21... f4 $11) 22. Nb6 {[%emt 0:00:42] White is more active. Pair of Knights!} (22. Nxb7 $1 $16 Rd7 23. Na5) 22... Rc7 23. exf5 gxf5 24. Bd5 e4 25. Rb3 Nf6 26. Bxe6 Qxe6 27. c4 {[%emt 0:00:17] [#]} (27. Qf4 $15) 27... Bh6 $1 $17 28. Qd4 (28. Qxh6 $2 Ng4+ $1 29. hxg4 Qxh6+ $19) 28... Bg7 (28... f4 $17 {...Bg7 is the strong threat.} 29. Rg1 f3) 29. Kg2 (29. Kg1 $11) 29... Rf7 $2 (29... f4 $1 $17 {[%cal Rf4f3] And now ...f3+ would win.} 30. gxf4 Rf7) 30. Qd2 (30. Nd5 $1 $14 {was forced to keep a grip.}) 30... f4 $1 31. Qxf4 d5 (31... Rdf8 $1 $17 32. Rxd6 Qe7) 32. Qe3 (32. Qg5 $11 h6 33. Qe3 (33. cxd5 $2 Rxd5 34. Qc1 Rxa5 $19)) 32... Kh8 ({Black should play} 32... Qf5 $17 {[%cal Od5d4] White must now prevent ...d4!} 33. Qf4 Qxf4 34. gxf4 d4) 33. cxd5 Nxd5 34. Nxd5 Rxd5 35. Rb6 Qxb6 (35... Qf5 $11 36. Rxd5 Qxd5) 36. Rxd5 $16 (36. Qxb6 $6 Rxd1 37. Nc4 (37. Qe6 Rf6 $11) 37... Rd5 $16) 36... Qxe3 37. Rd8+ ({Reject} 37. fxe3 $6 Bxb2 38. Nc4 Rc7 39. Nxb2 (39. Rd8+ Kg7 $11) 39... Rc2+ 40. Kf1 Rxb2 $11) 37... Bf8 38. fxe3 {[%emt 0:00:02][%mdl 4096] Endgame KRB-KRN} Kg7 39. Re8 ({Better is} 39. Nb3 $16) 39... Rc7 40. Rxe4 {[%emt 0:01:32] Strongly threatening Rc4.} Rc2+ 41. Kf3 Rxb2 42. a4 b5 43. Nc6 b4 44. Nd4 Kf7 (44... b3 $14) 45. Re6 Rb1 46. Rxa6 b3 47. Rb6 b2 {[%emt 0:00:00] Threatens to win with ...Rf1+.} 48. Ke4 Bc5 (48... Bg7 $16 49. Kd5 Bf6) 49. Rb7+ $18 Kf6 {[%emt 0:00:00] aiming for ...Bxd4.} 50. Nc2 h5 {[%emt 0:00:00] [#]} (50... Bd6 {is a better defense.} 51. g4 Bc5) 51. a5 (51. Nb4 $1 $18) 51... Bd6 $16 52. Rb6 Ke7 53. g4 hxg4 54. hxg4 Bc5 55. Rb7+ Kd6 {[%emt 0:00:02] [#]} (55... Ke6 $16 56. Rb5 Rg1) 56. g5 $1 $18 Kc6 $2 (56... Rg1 57. Rxb2 Rxg5) 57. a6 Rg1 $2 (57... Kd6 {keeps fighting.} 58. Na3 Rc1) 58. Rxb2 Rxg5 59. Nd4+ Bxd4 (59... Kd6 $18 60. a7 Re5+ 61. Kd3 Bxa7 62. Nb5+ Rxb5 63. Rxb5 Kc6) 60. exd4 {[%emt 0:00:09][%cal Be3d4,Bd4d5][%mdl 32] KR-KR} Ra5 61. Rh2 (61. Rg2 $142 Ra1 62. d5+ Kc7 63. Rg7+ Kd6 64. Rg6+ Kc7 65. Rc6+ Kd8 66. Kd4) 61... Kd6 62. a7 {[%emt 0:01:44] White mates.} Kc6 63. Rh7 Ra1 64. d5+ Kc5 65. Ke5 Re1+ 66. Kf5 Rf1+ 67. Ke6 Re1+ 68. Kd7 Ra1 69. Kc8 {[%emt 0:00:29] Weighted Error Value: White=0.26 (precise) /Black=0.46} 1-0